 Dungeon Crawl Stone Soup version 0.17-a0-1760-ga6756ae (webtiles) character file.

269 kae the Archer (level 6, 0/39 HPs)
             Began as a High Elf Hunter on Sept 3, 2015.
             Slain by a crimson imp
             ... wielding a +0 dagger of chaos
              (14 damage)
             ... on level 3 of the Dungeon.
             The game lasted 00:07:12 (4429 turns).

kae the Archer (High Elf Hunter)                    Turns: 4429, Time: 00:07:13

Health: 0/39       AC:  6    Str: 11    XL:     6   Next: 1%
Magic:  7/7        EV: 12    Int: 16    God:
Gold:   58         SH:  0    Dex: 17    Spells: 0 memorised, 5 levels left

rFire  . . .     SeeInvis .     b - +0 short sword
rCold  . . .     Clarity  .     d - +0 leather armour
rNeg   . . .     SustAt   .     (no shield)
rPois  +         Gourm    .     (no helmet)
rElec  .         Spirit   .     p - +2 cloak {rPois}
rCorr  .         Warding  .     (no gloves)
rMut   .         Stasis   .     (no boots)
MR     .....                    (no amulet)
Stlth  ++........               (no ring)
                                (no ring)

@: not resistant to hostile enchantments, unstealthy
A: no striking features
a: no special abilities


You were on level 3 of the Dungeon.
You were hungry.

You visited 1 branch of the dungeon, and saw 3 of its levels.
You also visited: Sewer.

You collected 58 gold pieces.

Inventory:

Hand weapons
 a - a +1 shortbow
 b - a +0 short sword (weapon)
Armour
 d - a +0 leather armour (worn)
 p - a +2 cloak of poison resistance (worn)
Jewellery
 j - a +3 ring of intelligence {unknown}
Magical devices
 w - a wand of enslavement (6)
Scrolls
 i - a scroll of recharging {unknown}
 k - a scroll of amnesia {unknown}
 l - 2 scrolls of identify {unknown}
 m - a scroll of enchant armour {unknown}
 o - a scroll of remove curse {unknown}
 q - 4 scrolls of teleportation {unknown}
 s - a scroll of blinking {unknown}
Potions
 g - 2 potions of curing
 h - a potion of invisibility {unknown}
 n - a potion of ambrosia {unknown}
 r - a potion of magic {unknown}
 t - a potion of heal wounds {unknown}
 u - a potion of mutation {unknown}
Comestibles
 e - 2 bread rations
 v - a slice of pizza


   Skills:
 - Level 2.0 Fighting
 + Level 9.5 Bows
 - Level 2.1 Dodging
 - Level 1.1 Stealth


You had 5 spell levels left.
You didn't know any spells.

Dungeon Overview and Level Annotations

Branches:
Dungeon (3/15)

Altars:
Xom


Message History

Unknown command.
You hit the crimson imp but do no damage.
The crimson imp is heavily wounded.
The crimson imp blinks!
The crimson imp shouts, "Leave, thou fulsome fool-born bum-bailey!"
The crimson imp blinks!
The crimson imp blinks!
You completely miss the crimson imp.
The crimson imp is moderately wounded.
The crimson imp hits you but does no damage.
You closely miss the crimson imp.
The crimson imp is lightly wounded.
The crimson imp hits you with a dagger of chaos.
The crimson imp blinks!
You hit the crimson imp.
The crimson imp is heavily wounded.
The crimson imp barely misses you.
The crimson imp hits you but does no damage.
You are electrocuted!
You die...

≈≈≈# #.###.# ≈≈≈# #...#.# ≈≈≈#
###.#.# ≈≈≈# #...#.##### #######
≈.≈#####.###.....####.....#######
≈≈≈#............................>
≈≈≈###.#.#######.#.##.###.######.
≈≈≈#............5....5...........
≈≈≈##..#.#######@#.........###.#)
...##....#...# #.####......#.....
#...##.###.#.# #.####.#..#.#.#.#.
....[..#...#.# #(#...†.....#.#...
######.#.#...# #(#.##......#.####
#.#...#.#####(#..#..#.#.#.....
#..5..#5....#(#..#....#.######
####.#####.......#.###.###.##....
........##.....###..##.# #.##....


You could see 2 crimson imps.

Vanquished Creatures
  A crimson imp (D:3)
  Crazy Yiuf (D:2)
  Terence (D:2)
  3 river rats (Sewer)
  6 adders
  An ooze (D:2)
  2 worms
  5 giant geckos
  4 orcs (D:3)
  7 bats
  8 giant cockroaches
  10 goblins
  6 hobgoblins
  10 kobolds
  A quokka (D:2)
  6 ball pythons
  8 giant newts
  14 rats
94 creatures vanquished.

Notes
Turn   | Place    | Note
--------------------------------------------------------------
     0 | D:1      | kae the High Elf Hunter began the quest for the Orb.
     0 | D:1      | Reached XP level 1. HP: 14/14 MP: 2/2
   263 | D:1      | Reached XP level 2. HP: 8/19 MP: 3/3
   543 | D:1      | Reached skill level 6 in Bows
  1825 | D:2      | Reached XP level 3. HP: 18/24 MP: 4/4
  1926 | D:2      | Reached skill level 7 in Bows
  2439 | D:2      | Found a faded altar to an unknown god.
  2519 | D:2      | Noticed Crazy Yiuf
  2530 | D:2      | Killed Crazy Yiuf
  2530 | D:2      | Reached XP level 4. HP: 13/29 MP: 5/5
  2889 | D:2      | Noticed Terence
  2979 | D:2      | Killed Terence
  2979 | D:2      | Reached skill level 8 in Bows
  3133 | D:3      | Reached XP level 5. HP: 25/34 MP: 6/6
  3267 | D:3      | Found a glowing drain.
  3312 | Sewer    | Entered a sewer
  3721 | Sewer    | Reached skill level 9 in Bows
  4030 | D:3      | Found a shimmering altar of Xom.
  4137 | D:3      | Reached XP level 6. HP: 32/39 MP: 7/7
  4429 | D:3      | Slain by a crimson imp

Vault maps used:
D:1:      kilobyte_arrival_exit_the_forest
D:2:      serial_glass, glass_columns_a, glass_columns_a, ecumenical_altar_1,
          serial_bayou_pond_e, uniq_terence, uniq_crazy_yiuf_cottage
D:3:      portal_sewer_entry_f, st_stairs_4, led_xom_imps
Sewer:    sewer_co_cracked_pipes

Action                   |  1- 3 |  4- 6 || total
-------------------------+-------+-------++-------
Melee: Short sword       |   100 |   251 ||   351
       Shortbow          |       |     1 ||     1
 Fire: Shortbow          |    41 |    77 ||   118
  Use: Potion            |       |     2 ||     2
 Stab: Sleeping          |     3 |     6 ||     9
       Distracted        |     1 |       ||     1
  Eat: Chunk             |     5 |     6 ||    11
